 Dungeon Crawl Stone Soup version 0.24.0-2-g5b39cebb1c (console) character file.

Game seed: 14368762628397457487, levelgen mode: deterministic

83 AlterAsc the Gusty (level 4, -4/25 HPs)
             Began as a Tengu Air Elementalist on Oct 29, 2019.
             Splashed by a jelly's acid (8 damage)
             ... on level 3 of the Dungeon.
             The game lasted 00:08:31 (1759 turns).

AlterAsc the Gusty (Tengu Air Elementalist)         Turns: 1759, Time: 00:08:31

Health: -4/25      AC: -5    Str:  9    XL:     4   Next: 44%
Magic:  0/8        EV: 13    Int: 16    God:
Gold:   79         SH:  0    Dex: 14    Spells: 5/8 levels left

rFire    + . .     SeeInvis .   e - +1 spear (vamp)
rCold    . . .     Gourm    .   (no shield)
rNeg     . . .     Faith    .   a - +0 robe
rPois    .         Spirit   .   (helmet restricted)
rElec    .         Reflect  .   (no cloak)
rCorr    .         Harm     .   m - +0 pair of gloves
MR       .....                  (boots unavailable)
Stlth    ++........             (no amulet)
HPRegen  0.08/turn              s - ring of protection from fire
MPRegen  0.11/turn              (no ring)

@: corroded
A: beak, talons 3
a: no special abilities


You were on level 3 of the Dungeon.
You were not hungry.

You visited 1 branch of the dungeon, and saw 3 of its levels.

You collected 79 gold pieces.

Inventory:

Hand Weapons
 e - a +1 vampiric spear (weapon)
Armour
 a - a +0 robe (worn)
 m - a +0 pair of gloves (worn)
Jewellery
 s - a ring of protection from fire (left hand)
Wands
 t - a wand of paralysis (12)
Scrolls
 b - 3 scrolls of identify {unknown}
 f - 2 scrolls of immolation {unknown}
 g - a scroll of noise {unknown}
 i - a scroll of fear {unknown}
 j - 2 scrolls of teleportation {unknown}
 k - a scroll of enchant weapon {unknown}
 n - 2 scrolls of remove curse {unknown}
 o - 2 scrolls of magic mapping {unknown}
Potions
 d - 4 potions of curing {unknown}
 h - a potion of flight {unknown}
 l - a potion of magic {unknown}
 p - 2 potions of might {unknown}
 q - a potion of haste {unknown}
 r - a potion of brilliance {unknown}
Comestibles
 c - 4 rations
 u - 4 chunks of flesh


   Skills:
 + Level 1.2 Fighting
 + Level 3.0 Dodging
 - Level 2.1 Stealth
 + Level 2.5 Spellcasting
 + Level 2.7 Conjurations
 + Level 4.6 Air Magic


You had 5 spell levels left.
You knew the following spells:

 Your Spells              Type           Power        Failure   Level  Hunger
a - Shock                 Conj/Air       ##..         4%          1    #......
b - Swiftness             Chrm/Air       #.......     12%         2    ##.....

Your spell library contained the following spells:

 Spells                   Type           Power        Failure   Level  Hunger
 Static Discharge         Conj/Air       ##......     13%         3    ###....
 Airstrike                Air            ###.......   28%         4    #####..
 Lightning Bolt           Conj/Air       ##........   75%         5    ######.


Dungeon Overview and Level Annotations

Branches:
Dungeon (3/15)

Altars:
Nemelex Xobeh
Sif Muna
Uskayaw

Annotations:
D:2 1 runed translucent door, Crazy Yiuf


Innate Abilities, Weirdness & Mutations

You have a beak for a mouth.
You have claws for feet.


Message History

Aim: a jelly (moderately wounded)
The zap hits the jelly.
The jelly is heavily wounded.
You hit the jelly. The acid corrodes you!
Your hands burn!
The jelly is severely wounded.
The jelly hits you.
You are splashed with acid!
The jelly hits you. The acid corrodes you!
You are splashed with acid!
* * * LOW HITPOINT WARNING * * *
A rat comes into view.
Casting: Shock (safe; 4% risk of failure)
Confirm with . or Enter, or press ? or * to list all spells.
Aiming: Shock (safe; 4% risk of failure)
Press: ? - help, Shift-Dir - straight line, f/p - jelly
Aim: a jelly (severely wounded)
The zap hits the jelly.
The jelly is almost dead.
The jelly hits you.
* * * LOW HITPOINT WARNING * * *
The acid corrodes you!
You are splashed with acid!
You die...

.....♣......####..#
##..........####..# ###
#<...#......##...# ....
####.....##.#..#.##....
###...#...........r.
#......##.........
##................
#..(.#.............
##....#.##@.##. ...
####.....)).J..# ....
.......÷.##.#.## ....#
####....÷#....# ##.).
#......#..####...#
#..#......####...# #.
#........##.# #.
#...........# .
#......<##....#


You could see a jelly and a rat (sleeping).

Vanquished Creatures
  An adder (D:3)
  2 worms
  4 dart slugs
  An orc (D:3)
  A ball python (D:2)
  3 giant cockroaches
  11 goblins
  6 hobgoblins
  6 kobolds
  2 quokkas
  8 bats
  6 frilled lizards
  7 rats
  A plant (D:2)
59 creatures vanquished.

Notes
Turn   | Place    | Note
-------+----------+-------------------------------------------
     0 | D:1      | AlterAsc the Tengu Air Elementalist began the quest for the
                  | Orb.
     0 | D:1      | Reached XP level 1. HP: 10/10 MP: 4/4
   121 | D:1      | Reached XP level 2. HP: 15/15 MP: 0/6
   503 | D:1      | Learned a level 2 spell: Swiftness
   598 | D:1      | Reached XP level 3. HP: 20/20 MP: 3/7
  1202 | D:2      | Found a sparkling altar of Nemelex Xobeh.
  1202 | D:2      | Found a shimmering blue altar of Sif Muna.
  1202 | D:2      | Found a hide-covered altar of Uskayaw.
  1284 | D:2      | Reached skill level 1 in Fighting
  1433 | D:2      | Reached XP level 4. HP: 25/25 MP: 6/8
  1511 | D:2      | Found a runed translucent door.
  1512 | D:2      | Noticed Crazy Yiuf
  1553 | D:3      | Found a faded altar of an unknown god.
  1759 | D:3      | Splashed by a jelly's acid

Levels and vault maps discovered:
D:1:      dpeg_arrival_three_bigger_balls, layout_basic
D:2:      layout_loops_ring, gammafunk_temple_overflow_forgotten,
          uniq_crazy_yiuf_cottage
D:3:      minmay_chambers_of_twos, layout_rooms,
          chequers_ecumenical_altar_simple_redux

Skill      XL: |  1  2  3  4 |
---------------+-------------+-----
Conjurations   | 2 |  2.7
Fighting       | 1 |  1.2
Dodging        | 3 |  3.0
Stealth        | |  2.1
Spellcasting   | |  2.5
Air Magic      | |  4.6

Action                   |  1- 3 |  4- 6 || total
-------------------------+-------+-------++-------
Melee: Spear             |    44 |     5 ||    49
       Kick              |     9 |     1 ||    10
       Peck              |     7 |     1 ||     8
 Cast: Shock             |    67 |    26 ||    93
 Stab: Sleeping          |     1 |       ||     1
  Eat: Chunk             |     3 |     1 ||     4
Armor: Robe              |    18 |     1 ||    19
Dodge: Dodged            |    37 |     3 ||    40
